 Dungeon Crawl Stone Soup version 0.23-b1-3-gdda8187c6f (webtiles) character file.

Game seed: 10850001011224191610

228679 Infinimo the Devastator (level 18, -10/140 HPs)
             Began as a Demonspawn Fire Elementalist on Jan 31, 2019.
             Was the Champion of Vehumet.
             Killed from afar by a deep elf knight (30 damage)
             ... with a stone arrow
             ... on level 2 of the Elven Halls on Feb 1, 2019.
             The game lasted 02:58:39 (50931 turns).

Infinimo the Devastator (DsFE)                     Turns: 50931, Time: 02:58:39

Health: -10/140    AC: 13    Str:  9    XL:     18   Next: 71%
Magic:  0/39       EV: 12    Int: 25    God:    Vehumet [******]
Gold:   1356       SH:  5    Dex: 15    Spells: 5/44 levels left

rFire    + + +     SeeInvis +   P - staff of conjuration
rCold    + + +     Gourm    .   O - +0 buckler
rNeg     + . .     Faith    .   h - +2 robe {rC+ rF+}
rPois    +         Spirit   +   Q - +1 helmet {SInv}
rElec    +         Reflect  .   G - scarf {rC+ rF+}
rCorr    .         Harm     .   y - +0 pair of gloves "Tihed" {+Inv rElec Int+2 Slay+2}
MR       +....                  (boots unavailable)
Stlth    ++........             r - amulet of regeneration
HPRegen  0.73/turn              N - ring of Neghol {Wiz Slay+3}
MPRegen  0.52/turn              A - ring of poison resistance

@: very slightly contaminated
A: hooves 3, iridescent scales 3, cold resistance 1, fire resistance 1, foul
stench 1, high mp 1, negative energy resistance 1, 50% torment resistance, magic
shield, magic regeneration, rot immunity, MP-powered wands
}: 1/15 runes: decaying
a: Renounce Religion, Evoke Invisibility


You were on level 2 of the Elven Halls.
You worshipped Vehumet.
Vehumet was exalted by your worship.
You were hungry.

You visited 7 branches of the dungeon, and saw 33 of its levels.
You visited 1 bazaar.
You also visited: Ossuary.

You collected 3809 gold pieces.
You spent 2453 gold pieces at shops.

Inventory:

Hand Weapons
 p - a +2 rapier of venom
Armour
 h - a +2 robe of resistance (worn)
 y - the +0 pair of gloves "Tihed" (worn) {+Inv rElec Int+2 Slay+2}
   (You found it on level 6 of the Dungeon)

   It affects your intelligence (+2).
   It affects your accuracy and damage with ranged weapons and melee attacks
   (+2).
   It insulates you from electricity.
   It lets you turn invisible.
 z - a +2 helmet of intelligence
 G - a scarf of resistance (worn)
 I - a +0 shield of reflection
 K - a +2 robe of the Archmagi
 O - a +0 buckler (worn)
 Q - a +1 helmet of see invisible (worn)
Magical Staves
 P - an uncursed staff of conjuration (weapon)
Jewellery
 r - an amulet of regeneration (around neck)
 A - a ring of poison resistance (right hand)
 J - a +4 ring of intelligence
 M - an uncursed amulet of guardian spirit {unknown}
 N - the ring of Neghol (left hand) {Wiz Slay+3}
   (You found it on level 6 of the Lair of Beasts)

   [ring of wizardry]

   It improves your spell success rate.
   It affects your accuracy and damage with ranged weapons and melee attacks
   (+3).
 T - a cursed -3 ring of protection {unknown}
Wands
 w - a wand of clouds (10)
 C - a wand of digging (10)
 D - a wand of disintegration (12)
Scrolls
 e - 7 scrolls of enchant weapon
 m - 16 scrolls of remove curse
 n - a scroll of teleportation
 x - a scroll of magic mapping
 E - a scroll of amnesia
 H - 10 scrolls of identify
 R - 2 scrolls of enchant armour
 S - a scroll of brand weapon
 V - 3 scrolls of fog
Potions
 a - 2 potions of cancellation
 b - 2 potions of brilliance
 d - 3 potions of agility
 f - 5 potions of might
 g - a potion of ambrosia
 i - 2 potions of berserk rage
 j - 4 potions of haste
 k - 4 potions of invisibility
 l - 8 potions of lignification
 q - 2 potions of flight
 t - 10 potions of curing
 u - 4 potions of resistance
 v - 4 potions of magic
 B - 5 potions of mutation
Miscellaneous
 F - a crystal ball of energy
Comestibles
 c - 16 rations


   Skills:
 + Level 12.1 Fighting
 - Level 1.7 Dodging
 - Level 1.7 Stealth
 - Level 5.0 Shields
 + Level 13.6 Spellcasting
 * Level 19.6 Conjurations
 + Level 17.4 Fire Magic


You had 5 spell levels left.
You knew the following spells:

 Your Spells              Type           Power        Failure   Level  Hunger
a - Flame Tongue          Conj/Fire      #####        0%          1    None
b - Conjure Flame         Conj/Fire      ########     0%          3    None
c - Sticky Flame          Conj/Fire      ########     0%          4    None
d - Fireball              Conj/Fire      ########..   1%          5    ##.....
e - Irradiate             Conj/Tmut      #######...   1%          5    ##.....
f - Fire Storm            Conj/Fire      ########..   17%         9    #######
g - Bolt of Fire          Conj/Fire      ########..   1%          6    #####..
h - Iron Shot             Conj/Erth      #######...   1%          6    #####..

Your spell library contained the following spells:

 Spells                   Type           Power        Failure   Level  Hunger
 Ignition                 Fire           #######...   2%          8    #######
 Tornado                  Air            ###.......   100%        9    #######
 Throw Flame              Conj/Fire      ######       0%          2    None
 Confusing Touch          Hex            ###...       1%          1    None
 Corona                   Hex            ###....      1%          1    None
 Infusion                 Chrm           ###.         1%          1    None
 Summon Small Mammal      Summ           ###.         1%          1    None
 Dazzling Spray           Conj/Hex       ######       1%          3    None
 Inner Flame              Hex/Fire       ######..     1%          3    None
 Bolt of Magma            Conj/Fire/Erth #######...   1%          5    ##.....
 Blink                    Tloc           N/A          2%          2    None
 Call Imp                 Summ           ###.....     2%          2    None
 Ensorcelled Hibernation  Hex/Ice        ###...       2%          2    None
 Shroud of Golubria       Chrm/Tloc      ###.......   2%          2    None
 Slow                     Hex            ###.....     2%          2    None
 Song of Slaying          Chrm           ###.....     2%          2    None
 Call Canine Familiar     Summ           ###.....     4%          3    None
 Confuse                  Hex            ###.....     4%          3    None
 Gell's Gravitas          Tloc           ###.......   4%          3    None
 Lesser Beckoning         Tloc           ###.......   4%          3    None
 Portal Projectile        Hex/Tloc       ###...       4%          3    None
 Regeneration             Chrm/Necr      ###.......   4%          3    None
 Spectral Weapon          Hex/Chrm       ###.....     4%          3    None
 Summon Guardian Golem    Hex/Summ       ###.....     4%          3    None
 Teleport Other           Tloc           ###.....     4%          3    None
 Tukima's Dance           Hex            ###.....     4%          3    None
 Yara's Violent Unravell  Hex/Tmut       ###.......   11%         5    ##.....
 Cause Fear               Hex            ###.......   14%         4    None
 Leda's Liquefaction      Hex/Erth       ###.......   14%         4    None
 Passage of Golubria      Tloc           N/A          14%         4    None
 Petrify                  Tmut/Erth      ###.....     14%         4    None
 Summon Ice Beast         Ice/Summ       ###.....     14%         4    None
 Summon Lightning Spire   Summ/Air       ###.....     14%         4    None
 Metabolic Englaciation   Hex/Ice        ###.......   34%         5    ##.....
 Poison Arrow             Conj/Pois      #######...   1%          6    #####..
 Chain Lightning          Conj/Air       #######...   36%         8    #######
 Lehudib's Crystal Spear  Conj/Erth      #######...   36%         8    #######
 Statue Form              Tmut/Erth      ###......    88%         6    #####..
 Glaciate                 Conj/Ice       #######...   98%         9    #######
 Shatter                  Erth           ###.......   100%        9    #######


Dungeon Overview and Level Annotations

Branches:
Dungeon (15/15)            Temple (1/1) D:5            Lair (6/6) D:11
  Swamp (4/4) Lair:2        Snake (3/4) Lair:4        Slime (0/5) Lair:5
    Orc (2/2) D:10            Elf (2/3) Orc:2        Vaults (0/5) D:14
 Depths (0/5) D:15

Altars:
Ashenzari
Cheibriados
Dithmenos
Elyvilon
Fedhas
Gozag
Hepliaklqana
Kikubaaqudgha
Makhleb
Nemelex Xobeh
Okawaru
Qazlal
Ru
Sif Muna
Trog
Uskayaw
Vehumet
Wu Jian
Xom
Yredelemnul
Zin
The Shining One
Beogh

Shops:
D:7 [(   D:10 }   D:12 *?=*!   D:13 *   D:15 :=[   Orc:1 !   Orc:2 }[%?:?(%
Snake:2 %   Snake:3 *

Portals:
Pandemonium: Orc:2

Annotations:
Lair:5 1 exclusion
Orc:2 jujuben's ghost, journeyman HOGl


Innate Abilities, Weirdness & Mutations

You have hooves in place of feet.
You are completely covered in iridescent scales. (AC +6)
You may emit foul miasma when damaged in melee.
You resist negative energy. (rN+)
You are somewhat able to resist unholy torments (1 in 2 success).
When hurt, damage is shared between your health and your magic reserves.
You regenerate magic rapidly.
You are immune to rotting.
Your flesh is cold resistant. (rC+)
Your flesh is heat resistant. (rF+)
You have an increased reservoir of magic. (+10% MP)
You expend magic power (3 MP) to strengthen your wands.


Message History

* * * LOW HITPOINT WARNING * * *
The deep elf knight casts a spell.
The deep elf knight seems to speed up.
Blink to where?
Press: ? - help, Dir - move target cursor, p - deep elf knight You are very lightly contaminated with residual magic.
As you read the scroll of blinking, it crumbles to dust.
There is an open door here.
You close the door.
A deep elf knight opens the door.
The deep elf knight points at you and mumbles some strange words.
You partially resist. The shard of ice hits you!
* * * LOW HITPOINT WARNING * * *
As you read the scroll of teleportation, it crumbles to dust.
You feel strangely unstable.
You feel better.
Your surroundings suddenly seem different.
The deep elf knight points at you and mumbles some strange words.
The stone arrow hits you!!
You die...

............................,,,,,
............................,,,,,
...........................e,,,,,
..........................##,,,,,
.................e.......##**,,,,
....................(.....#*,,,,,
............................,,,,,
...........................(,,,,,
................@...........,,,,,
.....e.............#....,,,,,,,,,
#.................##*,,.,,,,,,,,*
##.).............## **,,,,,,,,,,*
#.............e...***,,,,,,,,,,,,
........).........,*,,,,,,,,,,,,,
..................,,,,,,,,,,,,,,,
.##(....###.....##.,,**,,,**,,,**
#*##(..## **,,,****,****,****,***


You could see 2 deep elf knights and a +0 flail of protection (wandering).

Vanquished Creatures
  Vashnia (Snake:3)
  the Lernaean hydra (Swamp:4)
  Jorgrun (Swamp:3)
  Rupert (D:14)
  A thorn hunter (Swamp:4)
  Agnes (D:15)
  Kirke (Lair:5)
  Donald (Elf:1)
  A nagaraja (Snake:2)
  A deep elf sorcerer (Elf:1)
  A deep elf demonologist (Elf:2)
  Azrael (Snake:3)
  A deep elf death mage (Elf:1)
  Josephine (Lair:6)
  The ghost of Zaegoraum the Carver, a journeyman DsAK of Lugonu (Lair:4)
  A yaktaur captain (D:14)
  Fannar (D:11)
  2 great orbs of eyes (D:15)
  Harold (D:8)
  19 hydras
  4 vault guards
  A catoblepas (Lair:4)
  5 naga warriors
  5 anacondas
  5 centaur warriors
  2 tengu warriors (D:15)
  6 two-headed ogres
  2 ogre magi (D:15)
  Erica (D:10)
  A shambling mangrove (Swamp:4)
  8 alligators
  3 deep troll shamans (D:15)
  12 dancing weapons
  20 naga sharpshooters
  10 orc high priests
  4 shock serpents
  5 deep elf knights
  Nergalle (D:10)
  32 spriggans
  Sonja (D:10)
  9 skeletal warriors
  A salamander mystic (Snake:3)
  4 unseen horrors
  A naga ritualist (Snake:1)
  4 spriggan druids
  9 swamp dragons
  A gelid demonspawn (Orc:2)
  2 wizards (Elf:1)
  7 deep elf archers
  A glowing orange brain (D:10)
  24 deep elf magi
  A necromancer (D:15)
  6 orc knights
  9 ugly things
  5 orc sorcerers
  5 mana vipers
  3 oklob plants
  2 manticores
  5 cyclopes
  5 elephants (Lair:6)
  4 guardian serpents
  7 salamanders
  A smoke demon (Orc:2)
  29 black mambas
  14 naga magi
  A gargoyle (D:14)
  5 torpor snails
  15 spiny frogs
  2 rime drakes
  4 yaktaurs
  A komodo dragon (D:14)
  7 kobold demonologists
  A tengu conjurer (D:14)
  An anaconda simulacrum (Lair:3)
  A hellwing (Orc:2)
  6 trolls
  A red devil (Orc:2)
  13 tyrant leeches
  12 polar bears
  31 hornets
  Grinder (D:3)
  10 dream sheep
  27 slime creatures
  6 hippogriffs
  A hornet (shapeshifter) (D:15)
  7 blink frogs
  2 hippogriffs (shapeshifter)
  5 bog bodies
  Sigmund (D:6)
  6 shadows
  An air elemental (Elf:1)
  A centaur simulacrum (D:15)
  A vampire (D:15)
  A water elemental (Elf:1)
  10 yaks
  2 wyverns
  6 wraiths
  3 hogs (Lair:5)
  A hog (shapeshifter) (D:15)
  4 hungry ghosts
  18 vampire mosquitoes
  5 fire elementals
  2 basilisks
  A chaos spawn (Orc:2)
  2 wargs
  Menkaure (D:4)
  Edmund (D:6)
  10 swamp worms
  3 acid dragons
  19 insubstantial wisps
  27 nagas
  5 hell hounds (Snake:3)
  2 floating eyes (D:15)
  2 hydra simulacra (Lair:3)
  14 porcupines
  18 water moccasins
  6 sky beasts
  14 swamp drakes
  35 orc warriors
  9 ice beasts
  8 black bears
  2 hornet zombies
  2 eyes of draining
  3 necrophages
  11 ogres
  4 phantoms
  A centaur (shapeshifter) (Elf:2)
  37 wolves
  5 boggarts
  11 centaurs
  8 crocodiles
  An elf zombie (Ossuary)
  6 big kobolds
  13 bullfrogs
  A wyvern zombie (D:9)
  2 earth elementals
  2 water moccasin zombies
  2 wyvern skeletons
  5 scorpions
  15 killer bees
  A blink frog simulacrum (Lair:3)
  11 wights
  10 howler monkeys
  4 jellies
  2 electric eels
  6 crimson imps
  A bullfrog zombie (D:12)
  4 centaur zombies
  8 centaur skeletons
  19 orc wizards
  3 hounds
  23 orc priests
  2 bullfrog skeletons (D:6)
  4 iguanas
  7 worker ants
  A yak simulacrum (Lair:3)
  A killer bee zombie (D:9)
  2 hound zombies (Ossuary)
  A hound skeleton (D:10)
  A howler monkey zombie (D:11)
  4 mummies (Ossuary)
  A howler monkey skeleton (D:11)
  2 worker ant zombies
  10 gnolls
  18 adders
  A crocodile simulacrum (Lair:3)
  4 shadow imps
  13 white imps
  An ooze (D:6)
  3 adder skeletons
  2 adder zombies
  6 worms
  A dart slug (D:1)
  10 leopard geckos
  75 orcs
  2 ball pythons (D:3)
  11 bats
  2 bat zombies (D:5)
  9 giant cockroaches
  3 gnoll zombies (Ossuary)
  6 goblins
  6 hobgoblins
  8 jackals (D:3)
  25 kobolds
  6 quokkas
  7 frilled lizards
  2 goblin zombies
  A kobold zombie (Ossuary)
  A leopard gecko zombie (D:5)
  An orc zombie (Ossuary)
  11 rats
  4 rat zombies
  2 fungi (Lair:6)
  A plant (Lair:3)
1226 creatures vanquished.

Vanquished Creatures (others)
  A shadow imp (D:5)
  2 orcs (Orc:1)
  A frilled lizard (D:5)
  3 fire vortices
  29 fungi
  12 plants (Lair:6)
48 creatures vanquished.

Grand Total: 1274 creatures vanquished

Notes
Turn   | Place    | Note
-------+----------+-------------------------------------------
     0 | D:1      | Infinimo the Demonspawn Fire Elementalist began the quest
                  | for the Orb.
     0 | D:1      | Reached XP level 1. HP: 13/13 MP: 3/3
   432 | D:1      | Gained mutation: You are partially covered in iridescent
                  | scales. (AC +2) [demonic ancestry]
   432 | D:1      | Reached XP level 2. HP: 13/19 MP: 3/5
  1183 | D:1      | Reached skill level 2 in Conjurations
  1183 | D:1      | Gained mutation: You are mostly covered in iridescent
                  | scales. (AC +4) [demonic ancestry]
  1183 | D:1      | Reached XP level 3. HP: 22/24 MP: 1/6
  1647 | D:2      | Found a glowing silver altar of Zin.
  2058 | D:2      | Gained mutation: You are completely covered in iridescent
                  | scales. (AC +6) [demonic ancestry]
  2058 | D:2      | Reached XP level 4. HP: 30/30 MP: 3/7
  2511 | D:3      | Found an opulent altar of Gozag.
  2756 | D:3      | Reached skill level 3 in Conjurations
  2986 | D:3      | Gained mutation: When hurt, damage is shared between your
                  | health and your magic reserves. [demonic ancestry]
  2986 | D:3      | Reached XP level 5. HP: 35/35 MP: 5/9
  3087 | D:3      | Noticed Grinder
  3094 | D:3      | Killed Grinder
  3094 | D:3      | Reached skill level 4 in Conjurations
  3094 | D:3      | Gained mutation: You have large cloven feet. [demonic
                  | ancestry]
  3094 | D:3      | Reached XP level 6. HP: 41/41 MP: 5/10
  3304 | D:3      | Found an ornate altar of the Wu Jian Council.
  3579 | D:4      | Noticed Menkaure
  3763 | D:3      | Learned a level 3 spell: Conjure Flame
  3768 | D:3      | Learned a level 4 spell: Sticky Flame
  3774 | D:4      | Killed Menkaure
  3829 | D:4      | Reached skill level 5 in Fire Magic
  3829 | D:4      | Reached XP level 7. HP: 41/46 MP: 2/12
  3999 | D:4      | Reached skill level 5 in Conjurations
  4523 | D:5      | Entered Level 5 of the Dungeon
  4761 | D:5      | Reached XP level 8. HP: 23/52 MP: 0/14
  4945 | D:5      | Reached skill level 6 in Conjurations
  5310 | D:5      | Found a bloodstained altar of Trog.
  5362 | D:5      | Found a staircase to the Ecumenical Temple.
  5371 | Temple   | Entered the Ecumenical Temple
  5643 | Temple   | Became a worshipper of Vehumet
  5742 | D:5      | Found an ancient bone altar of Kikubaaqudgha.
  6202 | D:6      | Reached skill level 7 in Conjurations
  6368 | D:6      | Noticed a hornet
  6376 | D:6      | Killed a hornet
  6376 | D:6      | Reached skill level 5 in Spellcasting
  6466 | D:6      | Found a sand-covered staircase.
  6484 | Ossuary  | Entered an ossuary
  6624 | Ossuary  | Gained mutation: You regenerate magic rapidly. [demonic
                  | ancestry]
  6624 | Ossuary  | Reached XP level 9. HP: 48/57 MP: 1/16
  6859 | D:6      | Noticed Edmund
  6884 | D:6      | Killed Edmund
  7091 | D:6      | Reached * piety under Vehumet
  7091 | D:6      | Offered knowledge of Sandblast by Vehumet.
  7190 | D:6      | Reached skill level 8 in Conjurations
  7412 | D:6      | Noticed Sigmund
  7417 | D:6      | Killed Sigmund
  7608 | D:6      | Got a pair of transparent gloves
  7619 | D:6      | Identified the +0 pair of gloves "Tihed" {+Inv rElec Int+2
                  | Slay+2} (You found it on level 6 of the Dungeon)
  7838 | D:7      | Found Vuvu's Weapon Shoppe.
  7998 | D:7      | Found Rysoo's Antique Armour Boutique.
  8006 | D:7      | Bought a pair of ichor-stained gloves for 313 gold pieces
  8016 | D:7      | Identified the cursed +0 pair of gloves of Gallantry {rC+
                  | Str+3} (You bought it in a shop on level 7 of the Dungeon)
  8318 | D:7      | Bought a helmet for 148 gold pieces
  8466 | D:8      | Reached skill level 9 in Conjurations
  8649 | D:8      | Reached ** piety under Vehumet
  8660 | D:8      | Offered knowledge of Searing Ray by Vehumet.
  8660 | D:8      | Gained mutation: You have hoof-like feet. [demonic
                  | ancestry]
  8660 | D:8      | Reached XP level 10. HP: 63/63 MP: 6/19
  8734 | D:8      | Noticed Harold
  8962 | D:8      | Killed Harold
  9472 | D:8      | Got a pair of translucent boots
  9483 | D:8      | Identified the cursed +0 pair of boots of the Monk {rPois
                  | MP-9 Dex+2} (You found it on level 8 of the Dungeon)
  9592 | D:9      | Reached skill level 10 in Conjurations
  9922 | D:9      | Offered knowledge of Static Discharge by Vehumet.
  9929 | D:9      | Learned a level 5 spell: Fireball
  9931 | D:9      | Found an iron altar of Okawaru.
 10122 | D:9      | Found a sacrificial altar of Ru.
 10175 | D:9      | Reached *** piety under Vehumet
 10178 | D:9      | Reached skill level 10 in Fire Magic
 10279 | D:9      | Found a shadowy altar of Dithmenos.
 10279 | D:9      | Found a blossoming altar of Fedhas.
 10280 | D:9      | Found a glowing golden altar of the Shining One.
 10367 | D:10     | Entered Level 10 of the Dungeon
 10397 | D:10     | Noticed Nergalle
 10460 | D:10     | Noticed a spectral orc warlord
 10461 | D:10     | Noticed a spectral orc warlord
 10546 | D:10     | Killed Nergalle
 10546 | D:10     | Reached XP level 11. HP: 19/68 MP: 7/21
 10699 | D:10     | Noticed Erica
 10718 | D:10     | Killed Erica
 10797 | D:10     | Reached skill level 11 in Conjurations
 10817 | D:10     | Found a transporter.
 10819 | D:10     | Noticed a two-headed ogre
 10844 | D:10     | Killed a two-headed ogre
 10910 | D:10     | Noticed Sonja
 10913 | D:10     | Killed Sonja
 11046 | D:10     | Reached skill level 1 in Fighting
 11067 | D:10     | Found a transporter.
 11067 | D:10     | Noticed a glowing orange brain
 11165 | D:10     | Found a staircase to the Orcish Mines.
 11205 | D:10     | Offered knowledge of Olgreb's Toxic Radiance by Vehumet.
 11295 | D:10     | Noticed an unseen horror
 11297 | D:10     | Killed an unseen horror
 11627 | D:10     | Found Modghaal's Gadget Emporium.
 11697 | D:10     | Killed a glowing orange brain
 11971 | D:11     | Noticed a brown ugly thing
 12051 | D:11     | Reached **** piety under Vehumet
 12076 | D:11     | Killed a brown ugly thing
 12221 | D:11     | Reached skill level 12 in Conjurations
 12372 | D:11     | Noticed Fannar
 12381 | D:11     | Killed Fannar
 12381 | D:11     | Gained mutation: You have hooves in place of feet. [demonic
                  | ancestry]
 12381 | D:11     | Reached XP level 12. HP: 81/81 MP: 14/24
 12576 | D:11     | Offered knowledge of Fulminant Prism by Vehumet.
 12785 | D:11     | Found a staircase to the Lair.
 12794 | Lair:1   | Entered Level 1 of the Lair of Beasts
 13026 | Lair:1   | Got a transparent rapier
 13862 | Lair:2   | Found a staircase to the Swamp.
 14564 | Lair:2   | You fall through a shaft for 2 floors!
 14813 | Lair:2   | Noticed a fire dragon
 15626 | Lair:3   | Noticed a seven-headed hydra
 15644 | Lair:3   | Killed a seven-headed hydra
 15654 | Lair:3   | Found an ornate altar of the Wu Jian Council.
 15749 | Lair:3   | Found a transporter.
 15823 | Lair:3   | Found a transporter.
 16234 | Lair:3   | Reached ***** piety under Vehumet
 16235 | Lair:3   | Offered knowledge of Irradiate by Vehumet.
 16357 | Lair:4   | Found a staircase to the Snake Pit.
 16369 | Lair:4   | Reached skill level 13 in Conjurations
 16374 | Lair:4   | Reached skill level 5 in Fighting
 16548 | Lair:4   | Found a runed translucent door.
 16548 | Lair:4   | Noticed Zaegoraum's ghost (journeyman DsAK)
 16628 | Lair:4   | Noticed a catoblepas
 16688 | Lair:4   | Killed a catoblepas
 17045 | Lair:4   | Reached XP level 13. HP: 92/92 MP: 26/26
 17116 | Lair:4   | Found a snail-covered altar of Cheibriados.
 17606 | Lair:4   | Killed Zaegoraum's ghost
 18129 | Lair:5   | Found a dark tunnel.
 18270 | Lair:5   | Noticed Kirke
 18321 | Lair:5   | Noticed a sphinx
 18321 | Lair:5   | Killed Kirke
 18853 | Lair:5   | Found a staircase to the Slime Pits.
 18872 | Lair:5   | Learned a level 5 spell: Irradiate
 18922 | Lair:6   | Entered Level 6 of the Lair of Beasts
 18999 | Lair:6   | Noticed Josephine
 19184 | Lair:6   | Offered knowledge of Lee's Rapid Deconstruction by Vehumet.
 19184 | Lair:6   | Reached skill level 14 in Conjurations
 19520 | Lair:6   | Got a crude jade ring
 19954 | Lair:6   | Killed Josephine
 20331 | Lair:6   | Reached skill level 10 in Spellcasting
 20529 | Lair:6   | Gained mutation: You resist negative energy. (rN+) [demonic
                  | ancestry]
 20529 | Lair:6   | Reached XP level 14. HP: 101/103 MP: 28/28
 20662 | Lair:6   | Identified the ring of Neghol {Wiz Slay+3} (You found it on
                  | level 6 of the Lair of Beasts)
 21048 | Orc:1    | Entered Level 1 of the Orcish Mines
 21138 | Orc:1    | Reached skill level 1 in Shields
 21455 | Orc:2    | Entered Level 2 of the Orcish Mines
 21847 | Orc:2    | Found a runed translucent door.
 21847 | Orc:2    | Noticed jujuben's ghost (journeyman HOGl)
 21967 | Orc:2    | Found Ciolouh's Food Shop.
 21973 | Orc:2    | Found a staircase to the Elven Halls.
 22016 | Orc:2    | Found a bloodstained altar of Trog.
 22276 | Orc:2    | Found Qogrowkeid's Gadget Emporium.
 22404 | Orc:2    | Offered knowledge of Conjure Ball Lightning by Vehumet.
 22470 | Orc:2    | Found Gomuth's Distillery.
 22475 | Orc:2    | Found Puebyp's Food Shop.
 22496 | Orc:2    | Found Idaloo Pobau's Antique Armour Shoppe.
 22502 | Orc:2    | Bought a transparent robe for 136 gold pieces
 22502 | Orc:2    | Bought a shiny helmet for 180 gold pieces
 22512 | Orc:2    | Identified the +1 robe of Misanthropy {rF+ rN++ MP+9 Dex-2}
                  | (You bought it in a shop on level 2 of the Orcish Mines)
 22897 | Orc:2    | HP: 5/103 [orc knight/bolt (14)]
 23261 | Orc:2    | Found Luaphu's Magic Scroll Emporium.
 23264 | Orc:2    | Found Iqaix's Magic Scroll Shoppe.
 23661 | Orc:2    | Bought a scroll of blinking for 97 gold pieces
 23661 | Orc:2    | Bought a scroll of blinking for 97 gold pieces
 24164 | Orc:2    | Reached skill level 15 in Conjurations
 24354 | Orc:2    | Found Kutig's Book Shop.
 24354 | Orc:2    | Found Azaghoudu's Antique Weapon Boutique.
 24354 | Orc:2    | Found a one-way gate leading to the halls of Pandemonium.
 24558 | Orc:2    | Learned a level 9 spell: Fire Storm
 24861 | Orc:1    | Found Kumaediezu's Distillery.
 24908 | Orc:1    | Found a roughly hewn altar of Beogh.
 25010 | Orc:1    | Bought a potion of heal wounds for 65 gold pieces
 25010 | Orc:1    | Bought a potion of curing for 39 gold pieces
 25010 | Orc:1    | Bought a potion of mutation for 104 gold pieces
 25786 | D:12     | Found Sepadial's Magic Scroll Boutique.
 25805 | D:12     | Bought a scroll of teleportation for 42 gold pieces
 25805 | D:12     | Bought a scroll of teleportation for 42 gold pieces
 25831 | D:12     | Found Gideyram's Jewellery Emporium.
 25888 | D:12     | Found Qaihi's Distillery.
 25896 | D:12     | Bought 2 potions of curing for 78 gold pieces
 25896 | D:12     | Bought a potion of curing for 39 gold pieces
 25909 | D:12     | Offered knowledge of Freezing Cloud by Vehumet.
 26148 | D:12     | Found Woklaroe's Assorted Antiques.
 26151 | D:12     | Bought a scroll labeled RAFIT YSCHIU for 31 gold pieces
 26470 | D:12     | Found Fiol's Assorted Antiques.
 26473 | D:12     | Bought a scroll labeled MAQEDUCVYA for 26 gold pieces
 26473 | D:12     | Bought a scroll of blinking for 195 gold pieces
 26717 | D:13     | Found Xiyph's Assorted Antiques.
 26720 | D:13     | Bought a coral ring for 130 gold pieces
 26838 | D:13     | Reached skill level 5 in Shields
 27317 | D:14     | Noticed Rupert
 27330 | D:14     | Paralysed by Rupert for 2 turns
 27951 | D:14     | Gained mutation: You are immune to rotting. [demonic
                  | ancestry]
 27951 | D:14     | Reached XP level 15. HP: 108/108 MP: 24/29
 28254 | D:14     | Paralysed by Rupert for 3 turns
 28258 | D:14     | Killed Rupert
 28623 | D:14     | Found a huge runed translucent gate.
 28624 | D:14     | Found a huge runed translucent gate.
 28624 | D:14     | Found a huge runed translucent gate.
 28624 | D:14     | Found a huge runed translucent gate.
 28934 | D:14     | Found a gate to the Vaults.
 30025 | D:15     | Entered Level 15 of the Dungeon
 30345 | D:15     | Reached skill level 15 in Fire Magic
 30384 | D:14     | Offered knowledge of Ozocubu's Refrigeration by Vehumet.
 30489 | D:15     | Reached skill level 16 in Conjurations
 30805 | D:15     | Found Piarroax's Armour Shop.
 31113 | D:15     | Found a staircase to the Depths.
 31136 | D:15     | Noticed Agnes
 31656 | D:15     | Killed Agnes
 31934 | D:15     | Got a heavily runed pewter ring
 32156 | D:15     | Paralysed by a floating eye for 3 turns
 32258 | D:15     | Found Vojar's Jewellery Emporium.
 32475 | D:15     | Reached XP level 16. HP: 118/118 MP: 31/31
 32755 | D:15     | Found Onik Laa's Book Emporium.
 33005 | D:15     | Got a wavering tin ring
 33094 | D:15     | Got a fine glass ring
 33259 | D:15     | Identified a scroll of acquirement
 33454 | Snake:1  | Entered Level 1 of the Snake Pit
 34905 | Snake:1  | Reached skill level 17 in Conjurations
 35166 | Snake:1  | Got a shimmering leather armour
 35168 | Snake:1  | Identified the ring "Ocuduax" {*Tele MR+ MP+9} (You found
                  | it on level 15 of the Dungeon)
 35170 | Snake:1  | Identified the ring of Weroor {Dex+2 Slay+2 Stlth-} (You
                  | found it on level 15 of the Dungeon)
 35172 | Snake:1  | Identified the cursed ring of the Philosopher {Dex+3
                  | Slay-2} (You found it on level 15 of the Dungeon)
 35184 | Snake:1  | Identified the +2 leather armour of Vehumet's Favour {MP+9
                  | Slay+4} (You found it on level 1 of the Snake Pit)
 35850 | Swamp:1  | Entered Level 1 of the Swamp
 36311 | Swamp:1  | Reached ****** piety under Vehumet
 36315 | Swamp:1  | Offered knowledge of Bolt of Fire by Vehumet.
 36323 | Swamp:1  | Learned a level 6 spell: Bolt of Fire
 38201 | Swamp:1  | Learned a level 6 spell: Iron Shot
 38568 | Swamp:2  | Paralysed by a hornet for 3 turns
 39305 | Swamp:3  | Reached skill level 10 in Fighting
 39486 | Swamp:3  | Noticed Jorgrun
 39490 | Swamp:3  | Killed Jorgrun
 39490 | Swamp:3  | Gained mutation: You may emit foul miasma when damaged in
                  | melee. [demonic ancestry]
 39490 | Swamp:3  | Reached XP level 17. HP: 106/128 MP: 9/33
 40466 | Swamp:4  | Entered Level 4 of the Swamp
 40505 | Swamp:4  | Offered knowledge of Bolt of Cold by Vehumet.
 41498 | Swamp:4  | Reached skill level 18 in Conjurations
 42194 | Swamp:4  | Noticed the 27-headed Lernaean hydra
 42778 | Swamp:4  | Got a decaying rune of Zot
 42918 | Swamp:4  | Killed the 27-headed Lernaean hydra
 43333 | Orc:2    | Bought a scroll of blinking for 90 gold pieces
 44092 | Snake:2  | Offered knowledge of Tornado by Vehumet.
 44092 | Snake:2  | Offered knowledge of Ignition by Vehumet.
 45446 | Snake:2  | Found Zezucav's Food Shoppe.
 46216 | Snake:3  | Noticed Azrael
 46292 | Snake:3  | Gained mutation: You are somewhat able to resist unholy
                  | torments (1 in 2 success). [demonic ancestry]
 46292 | Snake:3  | Reached XP level 18. HP: 138/138 MP: 24/35
 47004 | Snake:3  | Found Orcham's Assorted Antiques.
 47012 | Snake:3  | Bought a potion of heal wounds for 170 gold pieces
 47012 | Snake:3  | Bought a potion of curing for 102 gold pieces
 47218 | Snake:3  | Killed Azrael
 47305 | Snake:3  | Noticed Vashnia
 47635 | Snake:3  | Killed Vashnia
 47635 | Snake:3  | Reached skill level 19 in Conjurations
 48281 | Elf:1    | Entered Level 1 of the Elven Halls
 48509 | Elf:1    | Gained mutation: You have an increased reservoir of magic.
                  | (+10% MP) [potion of mutation]
 48509 | Elf:1    | Gained mutation: Your flesh is cold resistant. (rC+)
                  | [potion of mutation]
 48509 | Elf:1    | Gained mutation: Your flesh is heat resistant. (rF+)
                  | [potion of mutation]
 48509 | Elf:1    | Gained mutation: You expend magic power (3 MP) to
                  | strengthen your wands. [potion of mutation]
 48537 | Elf:1    | Noticed Donald
 48546 | Elf:1    | Killed Donald
 49784 | Elf:2    | Found a flickering gateway to a bazaar.
 49854 | Bazaar   | Entered a bazaar
 49854 | Bazaar   | Found Jobrilakh's Antique Weapon Emporium.
 49854 | Bazaar   | Found Ofyfogaw's Distillery.
 49854 | Bazaar   | Found Yporghiy's Armour Emporium.
 49856 | Bazaar   | Found Yfoggeh's Magic Scroll Shoppe.
 49867 | Bazaar   | Bought a potion of heal wounds for 45 gold pieces
 49870 | Bazaar   | Bought a scroll of teleportation for 42 gold pieces
 49870 | Bazaar   | Bought a scroll of magic mapping for 49 gold pieces
 49873 | Bazaar   | Bought a +2 helmet of intelligence for 193 gold pieces
 49993 | Elf:2    | Noticed a Brimstone Fiend
 50207 | Elf:2    | Found a runed translucent gate.
 50207 | Elf:2    | Found a runed translucent gate.
 50208 | Elf:2    | Found a runed translucent gate.
 50222 | Elf:2    | HP: 6/140 [+0 dire flail of crushing (5)]
 50927 | Elf:2    | HP: 6/140 [deep elf knight/shard of ice (9)]
 50931 | Elf:2    | Killed from afar by a deep elf knight

Skill      XL: |  1  2  3  4  5  6  7  8  9 10 11 12 13 14 15 16 17 18 |
---------------+-------------------------------------------------------+-----
Fire Magic     | 3 4 5 6 7 8 10 11 12 13 14 15 16 17 | 17.4
Conjurations   | 2 3 4 5 7 9 10 12 13 14 15 16 17 18 19 | 19.6
Spellcasting   | 3 4 5 6 7 8 9 10 11 12 13 | 13.6
Fighting       | 3 5 7 8 10 11 12 | 12.1
Shields        | 5 |  5.0
Dodging        | |  1.7
Stealth        | |  1.7

Action                   |  1- 3 |  4- 6 |  7- 9 | 10-12 | 13-15 | 16-18 || total
-------------------------+-------+-------+-------+-------+-------+-------++-------
Melee: Unarmed           |     8 |       |       |       |       |       ||     8
       Dagger            |     6 |       |       |       |       |       ||     6
       Rapier            |       |    27 |   134 |    17 |    59 |    11 ||   248
       Kick              |       |       |    24 |       |    19 |     5 ||    48
       Staff             |       |       |       |       |       |    27 ||    27
 Cast: Flame Tongue      |    71 |    72 |   319 |   626 |  1151 |   645 ||  2884
       Sticky Flame      |       |     1 |    16 |    72 |   194 |   114 ||   397
       Conjure Flame     |       |       |     3 |     9 |    15 |    11 ||    38
       Fireball          |       |       |       |    40 |   191 |    50 ||   281
       Bolt of Fire      |       |       |       |       |       |   333 ||   333
       Iron Shot         |       |       |       |       |       |    85 ||    85
       Fire Storm        |       |       |       |       |       |     5 ||     5
Evoke: Wand              |       |       |       |       |     1 |       ||     1
  Use: Scroll            |     3 |     7 |     7 |    14 |    19 |    27 ||    77
       Potion            |       |       |       |       |     5 |    24 ||    29
 Stab: Sleeping          |       |     1 |       |       |       |       ||     1
  Eat: Chunk             |     4 |     6 |    15 |    32 |    60 |    51 ||   168
       Ration            |       |       |     1 |     2 |     6 |    33 ||    42
Armor: Robe              |    12 |    16 |   121 |   139 |   296 |   302 ||   886
Dodge: Dodged            |    33 |    27 |   161 |   216 |   485 |   373 ||  1295
Block: Buckler           |       |       |       |       |    88 |   185 ||   273
